 Dungeon Crawl Stone Soup version 0.31-a0-303-gdc8c9485ea (webtiles) character file.

Game seed: 1841780854226311329

298 LeprechaunX the Changeling (level 6, -13/63 HPs)
             Began as an Octopode Shapeshifter on July 17, 2023.
             Mangled by Edmund
             ... wielding a +2 heavy dire flail
              (17 damage)
             ... on level 4 of the Dungeon.
             The game lasted 00:04:33 (2557 turns).

LeprechaunX the Changeling (Octopode Shapeshifter)  Turns: 2557, Time: 00:04:33

Health: -13/63     AC: 23    Str: 16    XL:     6   Next: 36%
Magic:  6/6        EV:  2    Int: 10    God:
Gold:   136        SH:  0    Dex: 13    Spells: 5/5 levels left

rFire   . . .        v - +2 dagger (speed)
rCold   . . .        (no shield)
rNeg    . . .        (helmet currently unavailable)
rPois   +            (no amulet)
rElec   .            (no ring)
rCorr   .            (no ring)
SInv    .            (no ring)
Will    .....        (no ring)
Stlth   +            (no ring)
HPRegen 0.30/turn    (no ring)
MPRegen 0.10/turn    (no ring)
                     (no ring)

%: no passive effects
@: tree-form
A: stationary, stasis, torment immunity, boosted hp, almost no armour,
(amphibious), 8 rings, (camouflage 1), (gelatinous body 1), (nimble swimmer 1),
(tentacles)
a: no special abilities


You were on level 4 of the Dungeon.
You were a tree.
You visited 1 branch of the dungeon, and saw 4 of its levels.
You also visited: Sewer.

You collected 136 gold pieces.

Inventory:

Hand Weapons
 v - a +2 dagger of speed (weapon)
Missiles
 m - 4 silver boomerangs
 u - 11 poisoned darts (quivered)
Jewellery
 f - a +6 ring of strength
Talismans
 b - a beast talisman
Scrolls
 d - a scroll of teleportation {unknown}
 e - a scroll of amnesia {unknown}
 i - a scroll of revelation {unknown}
 n - a scroll of immolation {unknown}
 q - 5 scrolls of identify {unknown}
 r - a scroll of fog {unknown}
 s - a scroll of enchant armour {unknown}
 t - a scroll of poison {unknown}
Potions
 a - 2 potions of lignification
 c - 2 potions of mutation {unknown}
 g - 2 potions of haste {unknown}
 h - 2 potions of resistance {unknown}
 j - 2 potions of berserk rage {unknown}
 k - a potion of attraction {unknown}
 l - a potion of might {unknown}
 o - 3 potions of heal wounds {unknown}
 p - a potion of brilliance {unknown}
 w - a potion of degeneration {unknown}
 x - a potion of curing {unknown}


   Skills:
 + Level 3.6 Fighting
 + Level 0.2 Short Blades
 - Level 2.0 Dodging
 + Level 3.5 Unarmed Combat
 * Level 4.7 Shapeshifting


You had 5 spell levels left.
You didn't know any spells.
Your spell library was empty.

Dungeon Overview and Level Annotations

Branches:
Dungeon (4/15)              Sewer (visited)
 Temple: D:4-7

Altars:

Shops:
D:3 ?

Annotations:
D:4 Edmund


Innate Abilities, Weirdness & Mutations

You are a tree.
Your roots penetrate the ground, keeping you stationary.
You cannot be teleported.
You are immune to unholy pain and torment.
Your maximum health is greatly increased.
You cannot wear most types of armour.
((You are amphibious.))
You can wear up to eight rings at the same time.
((Your skin changes colour to match your surroundings (Stealth+).))
((Your rubbery body absorbs attacks. (AC +1, EV +1)))
((You are camouflaged when in or above water. (Stealth+)))
((You have tentacles for arms and can constrict up to eight enemies at once.))


Message History

You barely miss Edmund.
Edmund is heavily wounded.
The kobold hits you but does no damage.
You hit the worm.
The worm is lightly wounded.
The kobold hits you but does no damage. Edmund hits you but does no damage.
You hit Edmund but do no damage.
Edmund is heavily wounded.
The worm bites you but does no damage.
You closely miss Edmund.
Edmund is heavily wounded.
The kobold hits you with a +0 dagger.
* * * LOW HITPOINT WARNING * * *
You hit the kobold.
The kobold is severely wounded.
Edmund zaps a wand.
The puff of flame hits you but does no damage.
The worm bites you but does no damage.
You hit Edmund but do no damage.
Edmund is heavily wounded.
The kobold hits you but does no damage. Edmund hits you but does no damage.
You hit Edmund.
Edmund is heavily wounded.
The kobold hits you but does no damage.
You hit the kobold.
You kill the kobold!
The worm bites you.
* * * LOW HITPOINT WARNING * * *
You hit Edmund.
Edmund is heavily wounded.
You hear the slow hiss of an avalanche of sand nearby.
Edmund hits you with a +2 heavy dire flail.
* * * LOW HITPOINT WARNING * * *
You hit the worm.
The worm is moderately wounded.
You hit the worm but do no damage.
The worm is moderately wounded.
The worm barely misses you.
Edmund hits you with a +2 heavy dire flail!
You die...

#. ########<...##
..#
#####...........#
...#
#........########
....###<####.###
....!...# ##.#
........###..#
........##..##
#.#####)!..##
#.w♣....#
.......@###...#
......#.. .<....
........##
##.#... .........
....? .........
:... .........
#.. ..........


You could see Edmund and a worm.

Vanquished Creatures
  A kobold brigand (Sewer)
  An orc wizard (D:3)
  8 adders
  6 river rats
  3 worms (D:3)
  2 dart slugs
  2 orcs (D:3)
  5 bats
  4 endoplasms
  2 giant cockroaches (D:3)
  4 goblins
  4 hobgoblins
  12 kobolds
  2 quokkas (D:1)
  4 ball pythons
  6 frilled lizards
  9 rats
75 creatures vanquished.

Notes
Turn   | Place    | Note
-------+----------+-------------------------------------------
     0 | D:1      | LeprechaunX the Octopode Shapeshifter began the quest for
                  | the Orb.
     0 | D:1      | Reached XP level 1. HP: 14/14 MP: 1/1
   170 | D:1      | Reached XP level 2. HP: 19/19 MP: 2/2
   590 | D:2      | Reached XP level 3. HP: 23/25 MP: 3/3
   888 | D:2      | Reached XP level 4. HP: 27/30 MP: 4/4
  1267 | D:3      | Found a glowing drain.
  1316 | Sewer    | Entered a sewer
  1378 | Sewer    | Reached skill level 4 in Shapeshifting
  1463 | Sewer    | Reached XP level 5. HP: 36/36 MP: 5/5
  1619 | Sewer    | Noticed a kobold brigand
  1627 | Sewer    | Killed a kobold brigand
  1628 | Sewer    | Reached XP level 6. HP: 39/42 MP: 6/6
  1784 | D:3      | Found The Oracle's Delphic Readings.
  2522 | D:4      | Noticed Edmund
  2557 | D:4      | Mangled by Edmund

Illustrated notes

Levels and vault maps discovered:
D:1:      saegor_arrival_fortress, layout_rooms
D:2:      layout_loops_ring
D:3:      layout_loops_ring, portal_sewer_entry_b, nicolae_nh_oracle_at_delphi
D:4:      layout_rooms, enter_ossuary_1, uniq_edmund, uniq_eustachio,
          uniq_duvessa, uniq_sigmund, uniq_robin

Skill      XL: |  1  2  3  4 |
---------------+-------------+-----
Shapeshifting  | 4 |  4.7
Fighting       | 3 |  3.6
Unarmed Combat | 3 |  3.5
Short Blades   | |  0.2
Dodging        | |  2.0

Action                     |  1- 3 |  4- 6 || total
---------------------------+-------+-------++-------
  Melee: Unarmed           |    53 |    81 ||   134
         Constrict         |    12 |    29 ||    41
         Tentacles         |     7 |    19 ||    26
         Punch             |     2 |     5 ||     7
         Dagger            |       |    50 ||    50
  Throw: Boomerang         |       |     1 ||     1
         Dart              |       |     5 ||     5
    Use: Potion            |       |     1 ||     1
   Stab: Sleeping          |     6 |     9 ||    15
 Armour: Skin              |     7 |    29 ||    36
  Dodge: Dodged            |    24 |    48 ||    72

Table legend: (Time is in decaauts)
 A = Elapsed time spent in this place.
 B = Non-inter-level travel time spent in this place.
 C = Inter-level travel time spent in this place.
 D = Time resting spent in this place.
 E = Time spent auto-exploring this place.
 F = Levels seen in this place.
 G = Mean time per level.
                   A        B        C        D        E       F      G
               +--------+--------+--------+--------+--------+-----+--------+
         Total |   2531 |   2428 |    103 |     52 |   1840 |   5 |  506.2 |
       Dungeon |   2172 |   2069 |    103 |      0 |   1682 |   4 |  543.0 |
         Sewer |    358 |    358 |      0 |     52 |    158 |   1 |  358.0 |
               +--------+--------+--------+--------+--------+-----+--------+

Top non-repeatable levels by time:
     D:3: 913 daAuts
     D:2: 652 daAuts
     D:1: 556 daAuts
   Sewer: 358 daAuts
     D:4: 50 daAuts
